[ PARTIDA AOE2 · #482761311 ]
1v1 RMTurcos vs Inca
Equipo del jugador · DERR
Equipo rival · VICT
[ ANÁLISIS DE REPETICIÓN · EXTRAÍDO DE LA PARTIDA GRABADA ]
Feudal
10:46
Castillos
15:02
Imperial
32:54
| APM promedio | 25.3 |
| APM pico | 66 |
| eAPM promedio | 14.7 |
| Aldeanos / militares | 53 / 46 |
Foco
⚔️ 22.6% · 🌾 77.4%
Janissary ×33 · Petard ×6 · Battering Ram ×4 · Mangonel ×2 · Bombard Cannon ×1
Feudal
10:31
Castillos
14:03
Imperial
30:06
| APM promedio | 31.1 |
| APM pico | 89 |
| eAPM promedio | 20.8 |
| Aldeanos / militares | 140 / 58 |
Foco
⚔️ 26.6% · 🌾 73.4%
Skirmisher ×25 · Kamayuk ×23 · Monk ×6 · Trebuchet (Packed) ×4
Mapa de la partida
Recursos iniciales + cada clic de construcción. Líneas = muros · curvas = relieve. ◆ oro · ⬟ piedra · ● bayas · ✦ reliquia · ◌ hueco del cierre
Tu base· ✓ Cerrada en 15:02 · 0t muro · 2 puerta(s)
Base de Kaii· ✓ Cerrada en 14:03 · 0t muro · 3 puerta(s)
Terreno inicial suavizado · ◌ = hueco del cierre detectado · pasá el cursor para detalles
Inputs por minuto
— Oscar God - - Kaii
Build order — Oscar God
Primeras 150 de 179 acciones detectadas
| 0:01 | Construir | House |
| 0:02 | Construir | House |
| 0:04 | Crear | Villager (Male) |
| 0:04 | Crear | Villager (Male) |
| 0:05 | Crear | Villager (Male) |
| 1:01 | Crear | Villager (Male) |
| 1:36 | Crear | Villager (Male) |
| 1:46 | Construir | Lumber Camp |
| 2:04 | Crear | Villager (Male) |
| 2:35 | Crear | Villager (Male) |
| 3:06 | Crear | Villager (Male) |
| 3:25 | Crear | Villager (Male) |
| 3:51 | Crear | Villager (Male) |
| 3:59 | Construir | House |
| 4:07 | Construir | Mill |
| 4:13 | Crear | Villager (Male) |
| 4:45 | Crear | Villager (Male) |
| 4:46 | Crear | Villager (Male) |
| 5:18 | Construir | House |
| 5:34 | Crear | Villager (Male) |
| 5:34 | Crear | Villager (Male) |
| 6:02 | Crear | Villager (Male) |
| 6:25 | Crear | Villager (Male) |
| 6:44 | Crear | Villager (Male) |
| 6:47 | Crear | Villager (Male) |
| 6:47 | Crear | Villager (Male) |
| 8:02 | Crear | Villager (Male) |
| 8:10 | Construir | Mining Camp |
| 8:36 | Investigar | Feudal Age |
| 9:38 | Construir | House |
| 9:40 | Construir | House |
| 9:45 | Crear | Villager (Male) |
| 9:45 | Crear | Villager (Male) |
| 10:46 | Edad | Edad Feudal |
| 10:47 | Construir | Market |
| 10:50 | Construir | Blacksmith |
| 11:02 | Construir | Mining Camp |
| 12:22 | Investigar | Castle Age |
| 12:22 | Investigar | Castle Age |
| 13:05 | Construir | Farm |
| 13:07 | Construir | Farm |
| 13:09 | Construir | Farm |
| 13:11 | Construir | Farm |
| 13:17 | Investigar | Double-Bit Axe |
| 13:30 | Construir | Farm |
| 13:38 | Construir | Farm |
| 14:23 | Crear | Villager (Male) |
| 14:59 | Construir | Farm |
| 15:00 | Construir | Farm |
| 15:02 | Edad | Edad de los Castillos |
| 15:05 | Construir | Farm |
| 15:18 | Crear | Villager (Male) |
| 15:39 | Construir | Farm |
| 15:49 | Crear | Villager (Male) |
| 16:09 | Crear | Villager (Male) |
| 16:16 | Investigar | Fletching |
| 16:31 | Construir | Castle |
| 16:45 | Construir | Castle |
| 16:48 | Crear | Villager (Male) |
| 16:49 | Crear | Villager (Male) |
| 17:15 | Construir | Farm |
| 17:38 | Crear | Villager (Male) |
| 17:45 | Construir | Mining Camp |
| 17:54 | Crear | Janissary |
| 17:54 | Crear | Janissary |
| 18:04 | Construir | Farm |
| 18:05 | Construir | Farm |
| 18:06 | Construir | Farm |
| 18:07 | Construir | Farm |
| 18:08 | Crear | Villager (Male) |
| 18:13 | Crear | Janissary |
| 18:27 | Construir | Farm |
| 18:30 | Crear | Villager (Male) |
| 18:32 | Investigar | Loom |
| 18:41 | Construir | Siege Workshop |
| 18:43 | Crear | Villager (Male) |
| 18:48 | Crear | Villager (Male) |
| 19:02 | Crear | Petard |
| 19:19 | Crear | Petard |
| 19:19 | Crear | Petard |
| 19:27 | Construir | Siege Workshop |
| 19:31 | Construir | University |
| 19:33 | Crear | Villager (Male) |
| 19:44 | Crear | Mangonel |
| 19:54 | Crear | Janissary |
| 20:05 | Crear | Petard |
| 20:12 | Crear | Villager (Male) |
| 20:18 | Investigar | Padded Archer Armor |
| 20:30 | Crear | Janissary |
| 21:00 | Crear | Mangonel |
| 21:01 | Crear | Villager (Male) |
| 21:01 | Crear | Villager (Male) |
| 21:03 | Investigar | Bow Saw |
| 21:13 | Crear | Janissary |
| 21:27 | Crear | Janissary |
| 21:50 | Crear | Villager (Male) |
| 21:55 | Crear | Janissary |
| 21:55 | Crear | Janissary |
| 22:14 | Crear | Petard |
| 22:25 | Crear | Petard |
| 22:28 | Crear | Battering Ram |
| 22:32 | Crear | Janissary |
| 22:40 | Construir | Farm |
| 22:43 | Construir | Farm |
| 22:45 | Crear | Villager (Male) |
| 22:59 | Construir | House |
| 23:19 | Crear | Janissary |
| 23:22 | Construir | House |
| 23:23 | Construir | House |
| 23:25 | Construir | Farm |
| 23:28 | Construir | Farm |
| 23:30 | Crear | Villager (Male) |
| 23:37 | Crear | Janissary |
| 23:37 | Crear | Janissary |
| 23:37 | Crear | Janissary |
| 23:54 | Crear | Villager (Male) |
| 23:56 | Construir | Farm |
| 24:03 | Crear | Janissary |
| 24:25 | Crear | Janissary |
| 24:25 | Crear | Janissary |
| 25:08 | Crear | Villager (Male) |
| 25:38 | Crear | Janissary |
| 25:39 | Crear | Villager (Male) |
| 25:39 | Crear | Villager (Male) |
| 25:42 | Construir | Farm |
| 25:44 | Construir | Farm |
| 25:45 | Crear | Villager (Male) |
| 25:47 | Crear | Janissary |
| 25:47 | Crear | Janissary |
| 25:49 | Investigar | Leather Archer Armor |
| 25:59 | Crear | Battering Ram |
| 26:21 | Crear | Janissary |
| 26:22 | Construir | House |
| 26:23 | Construir | House |
| 26:24 | Construir | Farm |
| 26:37 | Investigar | Bodkin Arrow |
| 26:45 | Crear | Battering Ram |
| 26:45 | Crear | Battering Ram |
| 26:53 | Crear | Villager (Male) |
| 27:13 | Crear | Villager (Male) |
| 27:22 | Construir | Farm |
| 27:24 | Construir | Farm |
| 27:27 | Construir | Farm |
| 27:33 | Construir | Farm |
| 27:37 | Construir | Farm |
| 27:58 | Crear | Villager (Male) |
| 28:00 | Crear | Villager (Male) |
| 29:44 | Investigar | Imperial Age |
| 29:48 | Crear | Villager (Male) |
| 29:52 | Crear | Janissary |
Build order — Kaii
Primeras 150 de 297 acciones detectadas
| 0:00 | Crear | Villager (Male) |
| 0:00 | Crear | Villager (Male) |
| 0:00 | Crear | Villager (Male) |
| 0:02 | Construir | House |
| 0:04 | Construir | House |
| 0:18 | Crear | Villager (Male) |
| 0:19 | Crear | Villager (Male) |
| 1:37 | Crear | Villager (Male) |
| 1:45 | Construir | Settlement |
| 1:56 | Crear | Villager (Male) |
| 1:56 | Crear | Villager (Male) |
| 2:12 | Crear | Villager (Male) |
| 2:43 | Crear | Villager (Male) |
| 3:06 | Crear | Villager (Male) |
| 3:27 | Construir | Outpost |
| 3:46 | Crear | Villager (Male) |
| 3:53 | Crear | Villager (Male) |
| 4:15 | Crear | Villager (Male) |
| 4:51 | Crear | Villager (Male) |
| 5:09 | Construir | Outpost |
| 5:25 | Crear | Villager (Male) |
| 5:30 | Crear | Villager (Male) |
| 5:30 | Crear | Villager (Male) |
| 5:40 | Construir | Settlement |
| 5:44 | Crear | Villager (Male) |
| 5:45 | Crear | Villager (Male) |
| 5:45 | Crear | Villager (Male) |
| 6:10 | Crear | Villager (Male) |
| 6:26 | Construir | Outpost |
| 7:10 | Crear | Villager (Male) |
| 8:02 | Construir | Settlement |
| 8:11 | Investigar | Feudal Age |
| 8:25 | Construir | Outpost |
| 10:20 | Crear | Villager (Male) |
| 10:20 | Crear | Villager (Male) |
| 10:31 | Edad | Edad Feudal |
| 10:34 | Construir | Market |
| 10:38 | Construir | Blacksmith |
| 11:23 | Investigar | Castle Age |
| 11:23 | Investigar | Castle Age |
| 11:39 | Construir | Farm |
| 11:41 | Construir | Farm |
| 11:43 | Construir | Farm |
| 11:51 | Construir | Outpost |
| 11:59 | Construir | Farm |
| 12:02 | Construir | Farm |
| 12:36 | Investigar | Double-Bit Axe |
| 13:26 | Investigar | Town Watch |
| 13:34 | Investigar | Horse Collar |
| 13:35 | Investigar | Town Watch |
| 13:35 | Investigar | Town Watch |
| 14:03 | Edad | Edad de los Castillos |
| 14:05 | Construir | Monastery |
| 14:06 | Crear | Villager (Male) |
| 14:14 | Construir | Town Center |
| 14:32 | Crear | Monk |
| 14:33 | Crear | Monk |
| 14:39 | Crear | Villager (Male) |
| 14:54 | Crear | Monk |
| 14:56 | Crear | Villager (Male) |
| 15:17 | Crear | Villager (Male) |
| 15:20 | Crear | Villager (Male) |
| 15:38 | Crear | Villager (Male) |
| 15:38 | Crear | Villager (Male) |
| 15:42 | Crear | Villager (Male) |
| 15:50 | Construir | Town Center |
| 15:53 | Crear | Villager (Male) |
| 16:11 | Construir | Farm |
| 16:21 | Crear | Monk |
| 16:44 | Crear | Villager (Male) |
| 16:45 | Crear | Villager (Male) |
| 17:08 | Crear | Villager (Male) |
| 17:09 | Crear | Villager (Male) |
| 17:33 | Crear | Villager (Male) |
| 17:39 | Construir | Farm |
| 17:39 | Construir | Farm |
| 17:39 | Construir | Farm |
| 17:39 | Construir | Farm |
| 17:48 | Crear | Villager (Male) |
| 17:49 | Crear | Villager (Male) |
| 18:01 | Construir | Farm |
| 18:01 | Construir | Farm |
| 18:01 | Construir | Farm |
| 18:02 | Construir | Farm |
| 18:02 | Construir | Farm |
| 18:14 | Construir | Outpost |
| 18:17 | Crear | Villager (Male) |
| 18:19 | Crear | Villager (Male) |
| 18:20 | Crear | Villager (Male) |
| 18:23 | Construir | Farm |
| 18:36 | Crear | Villager (Male) |
| 19:08 | Crear | Villager (Male) |
| 19:08 | Crear | Villager (Male) |
| 19:08 | Crear | Villager (Male) |
| 19:18 | Construir | Farm |
| 19:19 | Construir | Farm |
| 19:19 | Construir | Farm |
| 19:30 | Crear | Villager (Male) |
| 19:31 | Crear | Villager (Male) |
| 19:31 | Crear | Villager (Male) |
| 19:48 | Construir | Farm |
| 19:48 | Construir | Farm |
| 19:54 | Crear | Villager (Male) |
| 19:54 | Crear | Villager (Male) |
| 19:54 | Crear | Villager (Male) |
| 20:03 | Construir | Castle |
| 20:05 | Crear | Villager (Male) |
| 20:05 | Crear | Villager (Male) |
| 20:16 | Construir | Farm |
| 20:26 | Crear | Villager (Male) |
| 20:26 | Crear | Villager (Male) |
| 20:27 | Crear | Villager (Male) |
| 20:34 | Crear | Villager (Male) |
| 20:35 | Crear | Villager (Male) |
| 20:38 | Construir | Farm |
| 20:53 | Crear | Villager (Male) |
| 20:53 | Crear | Villager (Male) |
| 20:54 | Crear | Villager (Male) |
| 21:03 | Investigar | Heavy Plow |
| 21:19 | Crear | Villager (Male) |
| 21:20 | Crear | Villager (Male) |
| 21:20 | Crear | Villager (Male) |
| 21:20 | Crear | Villager (Male) |
| 21:24 | Construir | Farm |
| 21:25 | Construir | Farm |
| 21:29 | Construir | Farm |
| 21:32 | Construir | Farm |
| 21:39 | Construir | House |
| 21:41 | Construir | House |
| 21:41 | Crear | Villager (Male) |
| 21:42 | Crear | Villager (Male) |
| 21:42 | Crear | Villager (Male) |
| 21:42 | Crear | Villager (Male) |
| 22:00 | Investigar | Bow Saw |
| 22:00 | Investigar | Bow Saw |
| 22:28 | Crear | Villager (Male) |
| 22:29 | Crear | Villager (Male) |
| 22:29 | Crear | Villager (Male) |
| 22:29 | Crear | Villager (Male) |
| 22:29 | Crear | Villager (Male) |
| 22:34 | Construir | Farm |
| 22:34 | Construir | Farm |
| 22:34 | Construir | Farm |
| 22:35 | Construir | Farm |
| 22:36 | Construir | Farm |
| 22:37 | Construir | Farm |
| 22:41 | Construir | House |
| 22:57 | Crear | Villager (Male) |
| 22:58 | Crear | Villager (Male) |
| 22:58 | Crear | Villager (Male) |
Cronología de la partida
| 10:31 | Kaii · age_up feudal |
| 10:46 | Oscar God · age_up feudal |
| 14:03 | Kaii · age_up castle |
| 14:05 | Kaii · first_building Monastery |
| 15:02 | Oscar God · age_up castle |
| 16:31 | Oscar God · first_building Castle |
| 18:41 | Oscar God · first_building Siege Workshop |
| 19:17 | Oscar God · first_market_buy 100 food |
| 20:03 | Kaii · first_building Castle |
| 20:55 | Oscar God · first_market_sell 100 wood |
| 23:49 | Kaii · first_market_buy 100 stone |
| 26:52 | Kaii · first_market_sell 100 food |
| 27:25 | Kaii · first_building Barracks |
| 28:02 | Kaii · first_building Archery Range |
| 30:06 | Kaii · age_up imperial |
| 32:54 | Oscar God · age_up imperial |
| 33:56 | Oscar God · resign |
[ ANÁLISIS IA · 1 CRÉDITO ]
¿Qué pasó realmente en esta partida?
Wolo.gg analiza cada decisión: build order, eco, micro, errores típicos por bracket. Análisis personalizado por WhatsApp o Discord en 30 segundos.
Guía civ
Turcos
Guía mapa
Arena
Perfil
Oscar God